 Dungeon Crawl Stone Soup version 0.28.0-43-g3370ac3207 (webtiles) character file.

Game seed: 1537026263445918537

448 smolbon the Chopper (level 7, 0/61 HPs)
             Began as a Hill Orc Fighter on Mar 19, 2022.
             Slain by Edmund
             ... wielding a +0 vorpal flail
              (4 damage)
             ... on level 4 of the Dungeon.
             The game lasted 00:06:09 (3917 turns).

smolbon the Chopper (Hill Orc Fighter)              Turns: 3917, Time: 00:06:09

Health: 0/61       AC:  8    Str: 21    XL:     7   Next: 4%
Magic:  7/7        EV:  9    Int:  8    God:
Gold:   133        SH:  4    Dex: 10    Spells: 6/6 levels left

rFire   . . .      SeeInvis .   a - +0 war axe
rCold   . . .      Faith    .   c - +0 buckler
rNeg    . . .      Spirit   .   b - +0 scale mail
rPois   .          Reflect  .   (no helmet)
rElec   .          Harm     .   (no cloak)
rCorr   .          Rampage  .   f - +0 pair of gloves
Will    .....                   (no boots)
Stlth   ..........              (no amulet)
HPRegen 0.20/turn               (no ring)
MPRegen 0.10/turn               (no ring)

@: no status effects
A: no striking features
a: no special abilities


You were on level 4 of the Dungeon.
You visited 1 branch of the dungeon, and saw 4 of its levels.
You also visited: Sewer.

You collected 133 gold pieces.

Inventory:

Hand Weapons
 a - a +0 war axe (weapon)
Missiles
 m - 11 poisoned darts (quivered)
Armour
 b - a +0 scale mail (worn)
 c - a +0 buckler (worn)
 f - a +0 pair of gloves (worn)
Jewellery
 j - an amulet of the acrobat
 n - a +6 ring of dexterity
Scrolls
 e - 2 scrolls of teleportation {unknown}
 g - 3 scrolls of vulnerability {unknown}
 h - 3 scrolls of identify {unknown}
 i - 2 scrolls of magic mapping {unknown}
 k - a scroll of amnesia {unknown}
 l - a scroll of blinking
Potions
 d - a potion of might


   Skills:
 + Level 5.0 Fighting
 + Level 6.7 Axes
 + Level 4.9 Armour
 + Level 1.1 Dodging
 + Level 4.0 Shields


You had 6 spell levels left.
You didn't know any spells.
Your spell library was empty.

Dungeon Overview and Level Annotations

Branches:
Dungeon (4/15)              Sewer (visited)
 Temple: D:4-7

Altars:
Qazlal
Trog
Zin

Annotations:
D:4 Edmund, Grinder


Message History

No target in view!
No target in view!
No target in view!
HP restored.
You see here an adder corpse.
Edmund the Younger comes into view.
He is wielding a +0 vorpal flail.
Edmund shouts!
Edmund is nearby!
You start waiting.
Edmund is nearby!
Edmund drinks a potion.
Edmund flickers and vanishes!
Deactivating autopickup; reactivate with Ctrl-A.
You see here an adder corpse.
Found a stone staircase leading up.
An iguana comes into view.
The iguana hisses angrily.
The iguana bites you! The iguana misses you.
You slash the iguana!
The iguana is heavily wounded.
The iguana bites you.
You hit the iguana.
The iguana is severely wounded.
The iguana bites you.
You slash the iguana!
You kill the iguana!
Your Fighting skill increases to level 5!
You have reached level 7!
Found a dented cabochon amulet.
Something hits you!
You closely miss something. Something hits you.
You hit something. Something hits you.
You slash something! Something hits you.
You completely miss something. Something hits you but does no damage.
Something hits you!
* * * LOW HITPOINT WARNING * * *
You closely miss something. Something hits you!
* * * LOW HITPOINT WARNING * * *
x2 You closely miss something.
Something hits you.
You die...

#..####..#..# ....
#.<#..# ##.# #..#..##
. ## #..#.... .. ..
##.###... ... #.#
#..##...##.... ##...
##.# ..##.....
.#.....#..# #........
.........####@.......
............{........
...............##....
....................
."#........##.......
# ##..#............
#..<...>........
###............. .
###.........#.


There were no monsters in sight!

Vanquished Creatures
  A wyvern (D:4)
  A bullfrog (Sewer)
  A bullfrog zombie (D:3)
  An iguana (D:4)
  10 adders
  3 worms
  A dart slug (D:1)
  An orc (D:3)
  6 ball pythons
  An endoplasm (D:1)
  10 giant cockroaches
  3 goblins
  3 hobgoblins
  6 jackals (D:2)
  9 quokkas
  6 bats
  13 frilled lizards
  4 kobolds
  2 rats
82 creatures vanquished.

Notes
Turn   | Place    | Note
-------+----------+-------------------------------------------
     0 | D:1      | smolbon the Hill Orc Fighter began the quest for the Orb.
     0 | D:1      | Reached XP level 1. HP: 19/19 MP: 1/1
    40 | D:1      | Found a faded altar of an unknown god.
   256 | D:1      | Reached XP level 2. HP: 21/27 MP: 2/2
   398 | D:1      | Reached skill level 3 in Axes
   942 | D:2      | Reached XP level 3. HP: 26/33 MP: 3/3
  2223 | D:3      | Reached XP level 4. HP: 34/40 MP: 4/4
  2304 | D:3      | Reached skill level 4 in Axes
  2446 | D:3      | Found a glowing drain.
  2456 | Sewer    | Entered a sewer
  2589 | Sewer    | Reached XP level 5. HP: 34/47 MP: 5/5
  2967 | Sewer    | Reached skill level 5 in Axes
  2967 | Sewer    | Reached XP level 6. HP: 46/53 MP: 6/6
  3453 | D:3      | Found a glowing silver altar of Zin.
  3453 | D:3      | Found a faded altar of an unknown god.
  3461 | D:3      | Found a bloodstained altar of Trog.
  3463 | D:3      | Found a stormy altar of Qazlal.
  3464 | D:3      | Found a faded altar of an unknown god.
  3582 | D:4      | Noticed Grinder
  3689 | D:4      | Noticed a wyvern
  3698 | D:4      | Killed a wyvern
  3699 | D:4      | Reached skill level 6 in Axes
  3699 | D:4      | Reached skill level 1 in Dodging
  3878 | D:4      | Noticed Edmund
  3900 | D:4      | Reached skill level 5 in Fighting
  3900 | D:4      | Reached XP level 7. HP: 46/61 MP: 7/7
  3916 | D:4      | HP: 3/61 [something (4)]
  3917 | D:4      | Slain by Edmund

Illustrated notes

Levels and vault maps discovered:
D:1:      dpeg_arrival_orchard, layout_basic, chequers_ecumenical_altar_island,
          minmay_split_cup_small
D:2:      layout_basic
D:3:      layout_rooms, chequers_temple_overflow_minitemple,
          cheibrodos_sewer_entry_bend
D:4:      layout_cave_pools, uniq_grinder, uniq_edmund

Skill      XL: |  1  2  3  4  5  6 |
---------------+-------------------+-----
Axes           | 3 4 5 6 |  6.7
Fighting       | 4 5 |  5.0
Armour         | 4 |  4.9
Shields        | 4 |  4.0
Dodging        | 1 |  1.1

Action                   |  1- 3 |  4- 6 |  7- 9 || total
-------------------------+-------+-------+-------++-------
Melee: War axe           |   105 |   155 |     6 ||   266
  Use: Potion            |       |     1 |       ||     1
Armor: Scale mail        |    78 |    76 |     1 ||   155
Dodge: Dodged            |    77 |    61 |       ||   138
Block: Buckler           |    25 |    37 |       ||    62
